 Dungeon Crawl Stone Soup version 0.26-a0-808-g930a2b7adc (webtiles) character file.

Game seed: 17977481643845423692

246 Decritt the Firebug (level 5, 0/41 HPs)
             Began as a Draconian Fire Elementalist on Nov 12, 2020.
             Slain by Crazy Yiuf
             ... wielding a +2 quarterstaff of chaos
              (3 damage)
             ... on level 3 of the Dungeon.
             The game lasted 00:11:06 (4522 turns).

Decritt the Firebug (Draconian Fire Elementalist)   Turns: 4522, Time: 00:11:06

Health: 0/41       AC:  6    Str: 10    XL:     5   Next: 84%
Magic:  7/10       EV: 13    Int: 16    God:
Gold:   190        SH:  0    Dex: 12    Spells: 9/10 levels left

rFire    . . .     SeeInvis .   p - +0 hunting sling (curse)
rCold    . . .     Faith    .   (no shield)
rNeg     . . .     Spirit   .   (armour unavailable)
rPois    .         Reflect  .   (helmet restricted)
rElec    .         Harm     .   (no cloak)
rCorr    +         Rampage  .   (no gloves)
MR       .....                  r - +0 pair of boots
Stlth    ++........             (no amulet)
HPRegen  0.13/turn              i - ring of resist corrosion
MPRegen  0.12/turn              (no ring)

@: brilliant, flying, hasted, lightly drained, very quick
A: unfitting armour, cold-blooded, AC +5
a: no special abilities


You were on level 3 of the Dungeon.
You visited 1 branch of the dungeon, and saw 3 of its levels.

You collected 190 gold pieces.

Inventory:

Hand Weapons
 o - a +0 flail
 p - a cursed +0 hunting sling (weapon)
Missiles
 a - 56 stones (quivered)
 m - 6 boomerangs
Armour
 r - a +0 pair of boots (worn)
Jewellery
 c - an uncursed amulet of faith
 i - a ring of resist corrosion (left hand)
Scrolls
 b - a scroll of magic mapping {unknown}
 d - a scroll of remove curse {unknown}
 e - 2 scrolls of identify {unknown}
 h - 3 scrolls of fear
 j - 2 scrolls of immolation {unknown}
Potions
 f - 3 potions of flight
 g - a potion of haste
 k - a potion of degeneration {unknown}
 n - a potion of magic {unknown}


   Skills:
 + Level 2.2(1.9) Fighting
 + Level 2.8(2.6) Dodging
 - Level 1.7(1.5) Stealth
 * Level 3.3(3.1) Spellcasting
 + Level 2.1(1.9) Conjurations
 * Level 4.2(4.0) Fire Magic


You had 9 spell levels left.
You knew the following spells:

 Your Spells              Type           Power        Failure   Level
a - Foxfire               Conj/Fire      ###.         5%          1

Your spell library contained the following spells:

 Spells                   Type           Power        Failure   Level
 Conjure Flame            Conj/Fire      ###.....     16%         3
 Inner Flame              Hex/Fire       ##......     24%         3
 Sticky Flame             Conj/Fire      ###.....     47%         4
 Fireball                 Conj/Fire      ###.......   83%         5


Dungeon Overview and Level Annotations

Branches:
Dungeon (3/15)

Altars:

Annotations:
D:3 Crazy Yiuf


Innate Abilities, Weirdness & Mutations

Your plain brown scales are hard. (AC +5)
You cannot fit into any form of body armour.
You are cold-blooded and may be slowed by cold attacks.


Message History

You feel very buoyant.
You fly up into the air.
You feel sick.
The foxfire hits Crazy Yiuf.
Crazy Yiuf is heavily wounded.
Crazy Yiuf hits you with a +2 quarterstaff of chaos.
* * * LOW HITPOINT WARNING * * *
You feel your power leaking away.
It was a potion of haste.
You feel yourself speed up.
* * * LOW HITPOINT WARNING * * *
You feel sick.
Crazy Yiuf hits you with a +2 quarterstaff of chaos.
* * * LOW HITPOINT WARNING * * *
It was a potion of brilliance.
You feel clever all of a sudden.
* * * LOW HITPOINT WARNING * * *
You feel sick.
It was a potion of curing.
You feel better.
Crazy Yiuf hits you with a +2 quarterstaff of chaos!
* * * LOW HITPOINT WARNING * * *
Crazy Yiuf freezes you.
You die...

#####...# ### ♣♣♣.♣....## #
##.## #...#♣..♣......## # #.#
#..('(♣♣♣♣P.....# # #.#####
#)..#♣♣ ♣♣.....# # #.....#
### ♣♣###.# # ####### ##.# #
#..# #####################
##.##
...............v@g.>######..#
#################..........##
#.....#######.#.#####.##
#####.###.................#
......# #########.######..#
#####.# #........# #).# #.#
#.######.# #..# ##.## #.# #.#
#..# #...###.#
#.######..#####


You could see Crazy Yiuf.

Vanquished Creatures
  A hound (D:2)
  3 orc wizards
  5 adders
  An ooze (D:3)
  3 dart slugs (D:1)
  5 orcs
  6 bats
  3 giant cockroaches (D:2)
  4 goblins
  10 hobgoblins
  7 jackals
  A quokka (D:3)
  A ball python (D:1)
  5 frilled lizards
  12 kobolds
  A leopard gecko zombie (D:2)
  9 rats
77 creatures vanquished.

Vanquished Creatures (others)
  124 foxfires
  5 toadstools (D:1)
129 creatures vanquished.

Grand Total: 206 creatures vanquished

Notes
Turn   | Place    | Note
-------+----------+-------------------------------------------
     0 | D:1      | Decritt the Draconian Fire Elementalist began the quest for
                  | the Orb.
     0 | D:1      | Reached XP level 1. HP: 14/14 MP: 3/3
   271 | D:1      | Reached XP level 2. HP: 22/22 MP: 5/5
   664 | D:1      | Reached skill level 1 in Fighting
   914 | D:1      | Reached XP level 3. HP: 28/28 MP: 6/6
  1699 | D:2      | Reached XP level 4. HP: 31/35 MP: 4/7
  2384 | D:1      | Reached skill level 4 in Fire Magic
  2384 | D:1      | Reached XP level 5. HP: 19/41 MP: 7/9
  4485 | D:3      | Found a runed translucent door.
  4486 | D:3      | Noticed Crazy Yiuf
  4522 | D:3      | Slain by Crazy Yiuf

Illustrated notes

Levels and vault maps discovered:
D:1:      ldierk_walled_garden, layout_basic
D:2:      layout_loops_ring
D:3:      layout_loops_ring, minmay_misc_feat_roman, uniq_crazy_yiuf_cottage

Skill      XL: |  1  2  3  4  5 |
---------------+----------------+-----
Dodging        | 2 |  2.8
Fighting       | 1 2 |  2.2
Spellcasting   | 3 |  3.3
Fire Magic     | 4 |  4.2
Conjurations   | 2 |  2.1
Stealth        | |  1.7

Action                   |  1- 3 |  4- 6 || total
-------------------------+-------+-------++-------
Melee: Club              |    25 |       ||    25
       Unarmed           |     3 |       ||     3
       Tailslap          |     9 |     2 ||    11
       Whip              |    30 |       ||    30
       Hand axe          |    15 |    14 ||    29
       Flail             |       |    15 ||    15
 Fire: Hunting sling     |       |    45 ||    45
Throw: Stone             |    89 |       ||    89
       Boomerang         |       |    16 ||    16
 Cast: Foxfire           |    42 |    74 ||   116
  Use: Potion            |       |     4 ||     4
       Scroll            |       |     1 ||     1
Armor: Skin              |    45 |    26 ||    71
Dodge: Dodged            |    94 |   109 ||   203

Table legend: (Time is in decaauts)
 A = Elapsed time spent in this place.
 B = Non-inter-level travel time spent in this place.
 C = Inter-level travel time spent in this place.
 D = Time resting spent in this place.
 E = Time spent auto-exploring this place.
 F = Levels seen in this place.
 G = Mean time per level.
                   A        B        C        D        E       F      G
               +--------+--------+--------+--------+--------+-----+--------+
         Total |   4587 |   4532 |     55 |   1481 |   2098 |   3 | 1529.0 |
       Dungeon |   4587 |   4532 |     55 |   1481 |   2098 |   3 | 1529.0 |
               +--------+--------+--------+--------+--------+-----+--------+

Top non-repeatable levels by time:
     D:2: 1830 daAuts
     D:1: 1765 daAuts
     D:3: 991 daAuts
